Map: Para Site LE

Players

Testsubject

  • Race: Zerg Zerg
  • League: Platinum
  • Spawn Location: 5:00

Cyrus - Winner!

  • Race: Zerg Zerg
  • League: Diamond
  • Spawn Location: 11:00

VOD

Have the link to the VOD?

Description

Zerg vs Zerg

Time

  • Played on: Sept. 28, 2018, 12:52 a.m.
  • Length: 12:24
Show
View Real Time Build Order
Export as new Build Order

Testsubject Zerg 

Build Orders: Hatch First 

Get SALT Encoding   

  12  0:01  Drone  
  13  0:08  Drone  
  14  0:18  Overlord  
  14  0:36  Drone x2  
  14  0:38  Drone  
  17  0:47  Drone  
  18  0:58  Drone  
  18  1:01  Hatchery  
  18  1:09  Drone, Extractor  
  18  1:25  Overlord  
  18  1:34  Spawning Pool  
  18  1:38  Drone  
  18  1:43  Drone  
  19  1:51  Drone  
  20  2:02  Overlord  
  20  2:21  Queen x2  
  20  2:22  Zergling x4  
  26  2:23  Metabolic Boost  
  26  2:38  Baneling Nest  
  26  2:39  Zergling x8  
  29  2:45  Zergling x2  
  29  2:48  Zergling x2  
  33  3:12  Drone x2  
  33  3:13  Drone x2  
  33  3:19  Queen  
  35  3:20  Queen  
  35  3:25  Baneling x4  
  39  3:27  Zergling x4  
  39  3:28  Drone  
  42  3:36  Zergling x4  
  42  3:39  Overlord  
  44  3:43  Overlord  
  44  3:50  Extractor  
  43  3:58  Zergling x10  
  43  4:00  Drone  
  49  4:15  Drone x3  
  38  4:32  Zergling x4  
  38  4:36  Zergling x8  
  43  4:43  Zergling x8  
  41  4:55  Lair  
  41  4:57  Roach Warren, Zergling x2  
  41  5:06  Baneling x3  
  41  5:07  Baneling x3  
  41  5:08  Baneling x2  
  41  5:14  Drone x2  
  41  5:16  Drone  
  41  5:19  Drone  
  44  5:32  Drone x5  
  49  5:50  Hatchery  
  49  5:51  Overlord  
  48  6:02  Queen  
  48  6:03  Queen  
  52  6:07  Overlord  
  52  6:15  Drone x4  
  56  6:19  Overlord  
  56  6:22  Glial Reconstitution  
  56  6:29  Drone x3  
  56  6:30  Drone  
  60  6:34  Drone  
  60  6:35  Drone  
  62  6:41  Baneling x3  
  62  6:48  Drone x5  
  73  7:01  Roach x5  
  73  7:05  Extractor  
  73  7:07  Extractor  
  75  7:25  Drone x8  
  83  7:34  Hydralisk Den  
  80  7:40  Evolution Chamber x2, Extractor  
  80  7:43  Extractor  
  72  7:58  Roach x12  
  89  8:04  Drone  
  90  8:06  Overlord x2  
  90  8:20  Overlord  
  90  8:22  Overlord  
  90  8:23  Queen  
  90  8:24  Queen x2  
  96  8:33  Grooved Spines  
  96  8:35  Roach x2  
  100  8:41  Drone x5  
  107  8:48  Drone x2  
  107  8:54  Zerg Missile Weapons Level 1  
  107  8:55  Zerg Ground Armor Level 1  
  107  8:56  Hydralisk  
  107  8:59  Queen  
  107  9:01  Ravager  
  112  9:21  Drone x3  
  112  9:22  Drone x4  
  112  9:23  Hydralisk  
  121  9:27  Overlord x5  
  121  9:38  Ravager  
  122  9:39  Overlord x4  
  122  9:44  Muscular Augments  
  122  9:52  Hydralisk x2  
  122  9:55  Ravager x5  
  122  9:56  Ravager  
  122  9:58  Hatchery  
  131  10:05  Roach x5  
  131  10:10  Drone  
  131  10:11  Drone x7  
  139  10:19  Ravager x7  
  136  10:33  Spore Crawler  
  136  10:34  Spore Crawler  
  134  10:36  Spore Crawler  
  134  10:37  Spore Crawler  
  134  10:39  Spore Crawler  
  134  10:40  Spore Crawler  
  73  11:02  Roach x14  
  86  11:22  Hydralisk x4  
  90  11:29  Queen x3  
  92  11:37  Ravager x9  
  92  11:38  Ravager  
  92  11:47  Spore Crawler  
  92  11:50  Drone  
Show
View Real Time Build Order
Export as new Build Order

Cyrus Zerg - Winner!

Build Orders: Hatch First, Zergling Baneling 

Get SALT Encoding   

  12  0:01  Drone  
  13  0:13  Overlord  
  13  0:19  Drone  
  14  0:32  Drone x2  
  16  0:36  Drone  
  17  1:00  Hatchery  
  16  1:11  Spawning Pool  
  16  1:13  Extractor  
  16  1:15  Drone  
  15  1:20  Drone  
  15  1:24  Drone  
  17  1:29  Drone  
  18  1:38  Drone  
  19  1:49  Overlord  
  19  1:58  Queen  
  19  1:59  Zergling x2  
  22  2:10  Zergling x2  
  22  2:11  Queen  
  22  2:13  Zergling x2  
  26  2:24  Drone x2  
  28  2:30  Metabolic Boost  
  28  2:34  Drone, Baneling Nest  
  28  2:38  Drone  
  29  2:47  Drone x2  
  31  2:54  Overlord  
  31  2:56  Drone  
  32  3:08  Zergling x8  
  32  3:12  Zergling x2  
  37  3:23  Evolution Chamber  
  37  3:25  Evolution Chamber  
  35  3:27  Evolution Chamber  
  35  3:32  Spine Crawler  
  33  3:36  Drone x4  
  37  3:43  Baneling  
  37  3:44  Baneling x5  
  37  3:54  Drone  
  37  3:55  Drone x3  
  41  3:56  Drone  
  42  4:05  Baneling  
  42  4:06  Baneling x3  
  39  4:17  Zergling x2  
  39  4:18  Zergling x8  
  37  4:33  Overlord  
  37  4:34  Overlord x4  
  35  4:47  Zergling x2  
  35  4:48  Zergling x6  
  35  4:51  Baneling x5  
  39  4:57  Queen  
  41  5:09  Roach Warren  
  41  5:10  Drone  
  41  5:11  Drone x4  
  45  5:17  Zergling x2  
  46  5:22  Zergling x2  
  46  5:25  Zergling x6  
  50  5:28  Baneling x2  
  50  5:29  Baneling x2  
  50  5:30  Zergling x2  
  51  5:38  Drone x2, Extractor  
  51  5:39  Drone  
  53  5:52  Roach  
  53  5:53  Roach  
  57  5:57  Drone x2  
  59  6:09  Extractor  
  59  6:10  Drone x3  
  59  6:11  Drone x3, Extractor  
  63  6:37  Drone  
  63  6:38  Drone x9  
  73  6:41  Hatchery  
  73  6:42  Zerg Missile Weapons Level 1  
  73  6:44  Hatchery  
  71  6:58  Lair  
  71  7:03  Roach  
  71  7:04  Roach x5  
  83  7:18  Overlord x2  
  79  7:50  Roach  
  79  7:51  Roach x8  
  88  8:02  Spire  
  87  8:06  Drone  
  87  8:07  Drone x4  
  92  8:15  Extractor  
  92  8:17  Extractor  
  90  8:22  Glial Reconstitution  
  90  8:27  Drone x2  
  90  8:28  Drone  
  90  8:29  Drone x3  
  90  8:31  Drone x3  
  99  8:56  Overlord  
  99  8:57  Overlord x11  
  99  9:01  Queen  
  101  9:02  Queen  
  103  9:15  Mutalisk  
  103  9:16  Mutalisk x8  
  103  9:17  Mutalisk  
  121  9:19  Mutalisk  
  121  9:22  Mutalisk  
  127  9:47  Mutalisk  
  127  9:48  Mutalisk x4  
  137  9:59  Drone x3, Extractor  
  139  10:01  Drone x3, Extractor  
  139  10:03  Roach x2  
  139  10:04  Roach x4  
  153  10:15  Roach  
  153  10:16  Roach x6  
  166  10:45  Roach x3  
  166  10:46  Roach x14  
  180  10:56  Roach x5  
  172  10:57  Roach  
  148  11:24  Roach x11  
  160  11:45  Roach x3  
  160  11:46  Roach x2  
  166  11:52  Roach  
  166  11:53  Roach x3  
Tags
 
Add a new tag
Caveats
  • Supply blocks, unpowered buildings, or Contaminate may cause inaccurate times.
  • Supply counts are checked every 10 seconds.